 Dungeon Crawl Stone Soup version 0.31.0-11-ge490571c62 (webtiles) character file.

Game seed: 5369719222490487194

13806 dialectric the Spear-Bearer (level 11, -2/86 HPs)
             Began as a Demonspawn Fighter on Jan 29, 2024.
             Succumbed to orange demon's concentrated venom
             ... on level 1 of the Lair of Beasts.
             The game lasted 00:23:15 (13212 turns).

dialectric the Spear-Bearer (Demonspawn Fighter)   Turns: 13212, Time: 00:23:15

Health: -2/86      AC: 20    Str: 21    XL:     11   Next: 80%
Magic:  11/20      EV: 15    Int: 11    God:
Gold:   284        SH:  5    Dex: 15    Spells: 7/10 levels left

rFire   . . .        Y - +4 spear "dialectric's Curse" {speed, *Rage rElec rC+ Int+3 Dex+2}
rCold   + . .        c - +0 buckler
rNeg    . . .        l - +0 chain mail
rPois   .            M - +0 helmet
rElec   +            C - +0 cloak
rCorr   .            (no gloves)
SInv    .            Q - +1 pair of boots
Will    .....        (no amulet) Stlth
                     t - +5 ring of evasion
HPRegen 0.34/turn    U - ring of magical power
MPRegen 0.34/turn

%: random rage (20%), guardian spirit
@: lethally poisoned (-2 -> -62), on berserk cooldown, slowed, very slow
A: claws 2, thin metallic scales 3, magic shield, magic regeneration, magic
link, hooves 1
a: no special abilities


You were on level 1 of the Lair of Beasts.
You visited 2 branches of the dungeon, and saw 13 of its levels.
You also visited: Ossuary.

You collected 492 gold pieces.
You spent 208 gold pieces at shops.

Inventory:

Hand Weapons
 a - a +0 trident
 D - a +2 short sword of draining
 Y - the +4 spear "dialectric's Curse" (weapon) {speed, *Rage rElec rC+ Int+3 Dex+2}
   (You bought it in a shop on level 10 of the Dungeon)

   Int+3:     It affects your intelligence (+3).
   Dex+2:     It affects your dexterity (+2).
   rC+:       It protects you from cold.
   rElec:     It insulates you from electricity.
   *Rage:     It berserks you when you make melee attacks (+20% chance).
Missiles
 i - 23 poisoned darts (quivered)
Armour
 c - a +0 buckler (worn)
 l - a +0 chain mail (worn)
 v - a +0 tower shield
 A - an orb of light
 C - a +0 cloak (worn)
 M - a +0 helmet (worn)
 N - a +0 plate armour
 Q - a +1 pair of boots (worn)
 R - +0 steam dragon scales
Jewellery
 e - a ring of protection from cold
 k - an amulet of faith
 t - a +5 ring of evasion (left claw)
 y - a ring of poison resistance
 H - a +6 ring of dexterity
 J - a ring of protection from cold
 U - a ring of magical power (right claw)
Wands
 h - a wand of mindburst (6)
 q - a wand of quicksilver (5)
 s - a wand of roots (3)
 X - a wand of charming (3)
 Z - a wand of polymorph (2)
Scrolls
 b - 2 scrolls of noise
 d - 4 scrolls of fear
 o - 3 scrolls of silence
 p - 4 scrolls of teleportation
 u - 4 scrolls of fog
 x - a scroll of revelation
 I - a scroll of vulnerability {unknown}
 K - a scroll of brand weapon {unknown}
 L - 2 scrolls of blinking
 O - a scroll of poison {unknown}
 T - 2 scrolls of enchant weapon
 W - 2 scrolls of identify
Potions
 f - 3 potions of curing
 g - a potion of cancellation
 j - a potion of enlightenment
 m - a potion of attraction
 n - 2 potions of mutation
 r - a potion of resistance
 z - a potion of haste
 B - 2 potions of heal wounds
 E - a potion of brilliance
 F - 4 potions of invisibility
 G - 2 potions of lignification
 V - 2 potions of ambrosia
Miscellaneous
 P - a phial of floods
 S - a lightning rod (2/4)


   Skills:
 + Level 8.2 Fighting
 * Level 12.4 Polearms
 + Level 9.1 Armour
 - Level 4.0 Dodging
 - Level 5.1 Shields
 - Level 1.0 Evocations


You had 7 spell levels left.
You knew the following spells:

 Your Spells              Type           Power      Damage    Failure   Level
a - Confusing Touch       Hex            0%         N/A       100%        3

Your spell library contained the following spells:

 Spells                   Type           Power      Damage    Failure   Level
 Kiss of Death            Conj/Necr      0%         2d5       93%         1
 Summon Small Mammal      Summ           0%         N/A       93%         1
 Call Canine Familiar     Summ           0%         N/A       100%        3
 Inner Flame              Hex/Fire       0%         N/A       100%        3
 Anguish                  Hex/Necr       0%         N/A       100%        4
 Cause Fear               Hex            0%         N/A       100%        4
 Dispel Undead            Necr           0%         3d6       100%        4
 Summon Blazeheart Golem  Fire/Summ      0%         N/A       100%        4
 Irradiate                Conj/Alch      0%         3d11      100%        5
 Enfeeble                 Hex            0%         N/A       100%        7
 Ignition                 Fire           0%         3d3       100%        8


Dungeon Overview and Level Annotations

Branches:
Dungeon (12/15)            Temple (0/1) D:4            Lair (1/5) D:10
Ossuary (visited)
    Orc: D:9-12

Altars:
Ashenzari
Dithmenos
Fedhas
Gozag
Nemelex Xobeh
Qazlal
Sif Muna
Uskayaw
Vehumet

Shops:
D:10 *

Annotations:
D:7 2 transporters, Curundu's ghost, novice MiBe
Lair:1 exclusion: oklob plant


Innate Abilities, Weirdness & Mutations

You have very sharp fingernails.
You are completely covered in thin metallic scales. (AC +4, rElec)
When hurt, damage is shared between your health and your magic reserves.
You regenerate magic rapidly.
When low on magic, you restore magic in place of health.
You have large cloven feet.


Message History

Unknown command.
You hit Amaemon but do no damage.
Amaemon is severely wounded.
You feel very sick. The scorpion misses you.
You puncture Amaemon!
Amaemon is almost dead.
You feel very sick.
The orange demon stings you but does no damage.
Amaemon hits you with a +1 demon whip of venom.
You are more poisoned.
Amaemon claws you but does no damage. Amaemon misses you.
The grasping roots constrict you.
You hit Amaemon.
Amaemon is almost dead.
You feel very sick.
The scorpion stings you but does no damage.
Unknown command.
You hit Amaemon.
Amaemon is almost dead.
You feel very sick. The orange demon barely misses you.
Amaemon barely misses you. Amaemon closely misses you.
Amaemon barely misses you. The grasping roots constrict you.
You block the scorpion's attack.
The grasping roots release their grip on you.
You barely miss Amaemon.
Amaemon is almost dead.
You feel very sick. The orange demon stings you from afar!
You are lethally poisoned!
You have difficulty breathing.
You feel as though you will be slow longer.
Amaemon hits you with a +1 demon whip of venom.
Amaemon misses you. Amaemon closely misses you.
You puncture Amaemon!
You kill Amaemon!
The scorpion disappears in a puff of smoke!
* * * LOW HITPOINT WARNING * * *
You feel extremely sick.
You die...

##...##......
........................
............ ...........
..........# ...........
###.P##...## ..$......#
#..###...P####.......##
#......................
#......................
#.............§@.......
.......†.........§......
.#.............§§4......
.#......................
........................
........................
.......................#
......................##
.....^.......##


You could see an orange demon (curare).

Vanquished Creatures
  A centaur warrior (D:9)
  Erica (D:8)
  A two-headed ogre (D:8)
  Amaemon (Lair:1)
  An ugly thing (D:9)
  An elephant (D:10)
  A cane toad (Lair:1)
  A kobold demonologist (D:10)
  2 trolls
  Prince Ribbit (D:7)
  6 slime creatures
  A shadow (D:10)
  A wyvern (D:9)
  A yak (shapeshifter) (D:9)
  A wraith (D:9)
  19 yaks
  2 steam dragons
  2 basilisks
  Menkaure (D:3)
  3 water moccasins
  4 black bears
  An ice beast (D:7)
  3 orc warriors
  3 wolves (Lair:1)
  5 centaurs
  2 phantoms
  8 bullfrogs
  6 scorpions
  4 wights (D:8)
  A killer bee (D:9)
  5 howler monkeys
  3 bullfrog zombies (Ossuary)
  2 bombardier beetles
  4 jellies
  4 orc priests
  5 hounds
  4 iguanas
  2 sleepcaps
  8 mummies (Ossuary)
  10 orc wizards
  2 killer bee zombies (Ossuary)
  2 crocodile zombies (Ossuary)
  2 hound zombies (Ossuary)
  4 gnolls
  4 howler monkey zombies (Ossuary)
  9 adders
  2 white imps
  2 ufetubi (D:6)
  3 ribbon worms
  2 dart slugs
  26 orcs
  6 ball pythons
  7 endoplasms
  3 giant cockroaches
  8 goblins
  4 hobgoblins
  7 jackals
  4 kobolds
  2 quokkas
  6 ball python zombies (Ossuary)
  4 bats
  2 frilled lizards (D:2)
  A jackal zombie (D:6)
  An orc zombie (D:6)
  6 rats
251 creatures vanquished.

Vanquished Creatures (others)
  A bullfrog (D:9)
  An orc wizard (D:9)
2 creatures vanquished.

Grand Total: 253 creatures vanquished

Notes
Turn   | Place    | Note
-------+----------+-------------------------------------------
     0 | D:1      | dialectric the Demonspawn Fighter began the quest for the
                  | Orb.
     0 | D:1      | Reached XP level 1. HP: 18/18 MP: 1/1
   281 | D:1      | Gained mutation: You regenerate magic rapidly. [demonic
                  | ancestry]
   281 | D:1      | Reached XP level 2. HP: 23/24 MP: 2/2
   293 | D:1      | Reached skill level 2 in Polearms
   694 | D:2      | Gained mutation: You have sharp fingernails. [demonic
                  | ancestry]
   694 | D:2      | Reached XP level 3. HP: 29/29 MP: 3/3
  1053 | D:3      | Found a faded altar of an unknown god.
  1262 | D:3      | Gained mutation: When hurt, damage is shared between your
                  | health and your magic reserves. [demonic ancestry]
  1262 | D:3      | Reached XP level 4. HP: 21/35 MP: 4/4
  1267 | D:3      | Reached skill level 3 in Polearms
  1468 | D:3      | Gained mutation: You have very sharp fingernails. [demonic
                  | ancestry]
  1468 | D:3      | Reached XP level 5. HP: 16/41 MP: 3/5
  1777 | D:2      | Identified the +4 dagger "Odiucod" {freeze, rC+ Str+3}
  2302 | D:4      | Noticed a phantom
  2313 | D:3      | Reached skill level 4 in Polearms
  2495 | D:4      | Noticed Menkaure
  2497 | D:4      | Noticed a black bear
  2581 | D:3      | Killed a phantom
  2582 | D:3      | Reached skill level 1 in Dodging
  2582 | D:3      | Gained mutation: When low on magic, you restore magic in
                  | place of health. [demonic ancestry]
  2582 | D:3      | Reached XP level 6. HP: 41/48 MP: 6/6
  2598 | D:3      | Killed Menkaure
  2965 | D:4      | Found a staircase to the Ecumenical Temple.
  3027 | D:4      | Gained mutation: You are partially covered in thin metallic
                  | scales. (AC +2) [demonic ancestry]
  3027 | D:4      | Reached XP level 7. HP: 14/55 MP: 7/7
  3221 | D:3      | Reached skill level 5 in Armour
  3563 | D:5      | Entered Level 5 of the Dungeon
  4212 | D:5      | Reached skill level 5 in Fighting
  4212 | D:5      | Reached skill level 5 in Polearms
  4223 | D:5      | Gained mutation: You are mostly covered in thin metallic
                  | scales. (AC +3) [demonic ancestry]
  4223 | D:5      | Reached XP level 8. HP: 49/62 MP: 8/8
  4422 | D:5      | Learned a level 3 spell: Confusing Touch
  4954 | D:6      | Found a sand-covered staircase.
  4996 | Ossuary  | Entered an ossuary
  5093 | Ossuary  | Reached skill level 6 in Polearms
  5716 | D:6      | Gained mutation: You are completely covered in thin
                  | metallic scales. (AC +4, rElec) [demonic ancestry]
  5716 | D:6      | Reached XP level 9. HP: 19/69 MP: 5/9
  6070 | D:6      | Found a shimmering blue altar of Sif Muna.
  6259 | D:6      | Reached skill level 7 in Polearms
  6662 | D:7      | Noticed a troll
  7045 | D:7      | Noticed Prince Ribbit
  7102 | D:7      | Killed Prince Ribbit
  7242 | D:7      | Noticed Curundu's ghost (novice MiBe)
  7243 | D:7      | Found a transporter.
  7244 | D:7      | Identified the +5 great mace of the Ring {heavy, rF+++ rC+
                  | Str-3 SInv}
  7244 | D:7      | Noticed a two-headed ogre
  7246 | D:7      | Found a transporter.
  7581 | D:7      | Killed a troll
  7582 | D:7      | Reached skill level 8 in Polearms
  7979 | D:6      | Gained mutation: You have large cloven feet. [potion of
                  | mutation]
  8036 | D:8      | Noticed a two-headed ogre
  8604 | D:8      | Reached XP level 10. HP: 19/77 MP: 6/10
  8988 | D:8      | Killed a two-headed ogre
  8989 | D:8      | Reached skill level 9 in Polearms
  9682 | D:9      | Reached skill level 1 in Evocations
 10047 | D:9      | Noticed a centaur warrior
 10077 | D:9      | Killed a centaur warrior
 10078 | D:9      | Reached skill level 5 in Shields
 10329 | D:9      | Noticed a cyan ugly thing
 10354 | D:9      | Found a sparkling altar of Nemelex Xobeh.
 10361 | D:9      | Found a broken altar of Ashenzari.
 10367 | D:9      | Found a blossoming altar of Fedhas.
 10553 | D:9      | Identified a scroll of acquirement
 10553 | D:9      | Acquired a +5 ring of evasion
 10828 | D:9      | Killed a cyan ugly thing
 10829 | D:9      | Reached skill level 10 in Polearms
 10834 | D:10     | Entered Level 10 of the Dungeon
 10844 | D:10     | Noticed a sun demon
 10850 | D:10     | Noticed an elephant
 11062 | D:9      | Found an opulent altar of Gozag.
 11069 | D:9      | Found a hide-covered altar of Uskayaw.
 11075 | D:9      | Found a radiant altar of Vehumet.
 11082 | D:9      | Found a stormy altar of Qazlal.
 11197 | D:10     | You fall into a shaft and drop 2 floors!
 11359 | D:8      | Noticed Erica
 11704 | D:8      | Reached XP level 11. HP: 79/81 MP: 11/11
 11717 | D:8      | Killed Erica
 11818 | D:10     | Found a staircase to the Lair.
 11849 | D:10     | Found Van Veipt's Assorted Antiques.
 11873 | D:10     | Bought a polished spear for 208 gold pieces
 11873 | D:10     | Identified the +4 spear "dialectric's Curse" {speed, *Rage
                  | rElec rC+ Int+3 Dex+2} (You bought it in a shop on level 10
                  | of the Dungeon)
 12026 | D:10     | Reached skill level 11 in Polearms
 12578 | D:10     | Found a shadowy altar of Dithmenos.
 12715 | Lair:1   | Entered Level 1 of the Lair of Beasts
 12790 | D:10     | Reached skill level 12 in Polearms
 12893 | Lair:1   | Noticed an oklob plant
 13195 | Lair:1   | Noticed Amaemon
 13211 | Lair:1   | Killed Amaemon
 13212 | Lair:1   | Succumbed to orange demon's concentrated venom

Illustrated notes

Levels and vault maps discovered:
D:1:      minmay_arrival_nine_rooms, layout_basic, minmay_vboxes
D:2:      wander_river, layout_basic
D:3:      layout_loops_ring, chequers_ecumenical_altar_simple
D:4:      layout_cave_pools, elyvilon_altar_3, minmay_temple_entry_glass,
          uniq_menkaure
D:5:      layout_basic
D:6:      layout_gridville, mainiacjoe_overflow_tiny_flanked, enter_ossuary_3
D:7:      layout_basic, lemuel_round_altar, gammafunk_ghost_smash,
          uniq_prince_ribbit1
D:8:      layout_gridville, uniq_erica
D:9:      nzn_winding_woodlands_three_and_one
          [nzn_winding_woodlands_5x15_zeroes, nzn_winding_woodlands_5x15_garden,
          nzn_winding_woodlands_5x15_concentric,
          nzn_winding_woodlands_center_diamonds], layout_rooms,
          grunt_temple_overflow_octagram, nicolae_houndstooth_variations
D:10:     layout_long_grid, old_standard_altar, mainiacjoe_overflow_alcove_2,
          david_lair_generic, serial_shops, nicolae_shop_advertising_works
          [nicolae_subvault_shop_adworks]
D:11:     nicolae_cairo_tiling_large, layout_cave_pods, orc_0_dummy,
          hangedman_misty_isle, uniq_sonja
D:12:     layout_gridville
Lair:1:   layout_gridlike, hangedman_lair_unloving_vines,
          minmay_lair_oklob_items, st_stairs_5, grunt_megastairs_4, uniq_urug,
          uniq_amaemon

Skill      XL: |  1  2  3  4  5  6  7  8  9 10 11 |
---------------+----------------------------------+-----
Armour         | 3 4 5 6 7 8 9 |  9.1
Polearms       | 2 3 4 5 6 8 10 12 | 12.4
Shields        | 3 5 |  5.1
Dodging        | 1 2 3 4 |  4.0
Fighting       | 4 5 6 7 8 |  8.2
Evocations     | 1 |  1.0

Action                     |  1- 3 |  4- 6 |  7- 9 | 10-12 || total
---------------------------+-------+-------+-------+-------++-------
  Melee: Trident           |   112 |   177 |   737 |   329 ||  1355
         Kick              |       |       |    22 |     1 ||    23
         Spear             |       |       |       |   216 ||   216
  Throw: Dart              |       |       |    12 |       ||    12
  Evoke: Wand              |       |       |     5 |     7 ||    12
         Lightning rod     |       |       |       |     6 ||     6
    Use: Potion            |     1 |     1 |     5 |     1 ||     8
         Scroll            |       |       |    13 |    13 ||    26
 Armour: Scale mail        |    69 |   117 |   310 |       ||   496
         Chain mail        |       |       |   299 |   262 ||   561
         Steam dragon scal |       |       |       |   103 ||   103
  Dodge: Dodged            |    43 |    79 |   342 |   307 ||   771
  Block: Buckler           |    28 |    29 |   162 |    96 ||   315
